 Dungeon Crawl Stone Soup version 0.31-a0-876-gfe8ebadbca (webtiles) character file.

Game seed: 1039349168079919121

2 Azuregosa the Sneak (level 1, -3/16 HPs)
             Began as an Octopode Delver on Oct 13, 2023.
             Killed from afar by a white imp (8 damage)
             ... with a puff of frost
             ... on level 5 of the Dungeon.
             The game lasted 00:00:38 (58 turns).

Azuregosa the Sneak (Octopode Delver)                 Turns: 58, Time: 00:00:40

Health: -3/16      AC:  1    Str: 11    XL:     1   Next: 30%
Magic:  1/1        EV: 13    Int: 12    God:
Gold:   0          SH:  0    Dex: 13    Spells: 0/0 levels left

rFire   . . .        a - +0 mace
rCold   . . .        (no shield)
rNeg    . . .        (helmet restricted)
rPois   .            (no amulet)
rElec   .            (no ring)
rCorr   .            (no ring)
SInv    .            (no ring)
Will    .....        (no ring)
Stlth   ++++         (no ring)
HPRegen 0.22/turn    (no ring)
MPRegen 0.07/turn    (no ring)
                     (no ring)

%: no passive effects
@: no status effects
A: almost no armour, amphibious, 8 rings, camouflage 1, gelatinous body 1,
(nimble swimmer 1), tentacles
a: no special abilities


You were on level 5 of the Dungeon.
You visited 1 branch of the dungeon, and saw 1 of its levels.

Inventory:

Hand Weapons
 a - a +0 mace (weapon)
Wands
 f - a wand of digging (3)
Scrolls
 b - a scroll of fog
 d - a scroll of fear
Potions
 e - a potion of haste


   Skills:
 - Level 3.0 Fighting
 - Level 2.0 Maces & Flails
 - Level 2.0 Dodging
 + Level 6.7 Stealth


You couldn't memorise any spells.
You didn't know any spells.
Your spell library was empty.

Dungeon Overview and Level Annotations

Branches:
Dungeon (5/15)
 Temple: D:4-7

Altars:


Innate Abilities, Weirdness & Mutations

You cannot wear most types of armour.
You are amphibious.
You can wear up to eight rings at the same time.
Your skin changes colour to match your surroundings (Stealth+).
Your rubbery body absorbs attacks. (AC +1, EV +1)
((You are camouflaged when in or above water. (Stealth+)))
You have tentacles for arms and can constrict up to eight enemies at once.


Message History

Found a stone staircase leading down.
As you read the scroll of revelation, it crumbles to dust.
You feel aware of your surroundings.
An orc comes into view. It is wielding a +0 whip.
Found 20 gold pieces.
The helpless orc fails to defend itself.
You hit the orc. You grab the orc.
The orc is heavily wounded.
You constrict the orc. The orc hits you with a +0 whip.
You completely miss the orc.
The orc is severely wounded.
You constrict the orc. The orc hits you with a +0 whip.
You barely miss the orc.
The orc is almost dead.
You constrict the orc.
You kill the orc!
You start resting.
A white imp comes into view.
Press: ? - help, v - describe, . - travel, g - get item
Items here: a +0 whip; a +0 leather armour.
The floor.
Found a stone staircase leading down.
A sleepcap comes into view.
You start resting.
A white imp is nearby!
The white imp shouts, "Return whence thou came, thou simpering doghearted harpy!"
You hit the white imp. You grab the white imp.
The white imp is lightly wounded.
You constrict the white imp, but do no damage.
The white imp misses you. The white imp gestures at you.
The puff of frost hits you!
Ouch! That really hurt!
You hit the white imp but do no damage.
The white imp is lightly wounded.
You constrict the white imp, but do no damage.
The white imp gestures at you. The puff of frost hits you!
Ouch! That really hurt!
You die...

,,,,,,,,* *,,,* ,,,,,,,,* #.#**
,,,,,,,,* #.# ,,,**,,,* #.#
,<,****,##*###.# ,,,* *,,..,..>#
,,,****,*,#.#..#
,,,,,,,,,*##.5.#####
**,*,,,,,,#....#@..### ######
**,*,,*,#.f##.#5.....#### ######
,,,,,,*,*.###.#.........# ######
**,**,,,.....$........#.# ######
*,**,*,#.###.........#.#########
*,,,,,,*,* #...)................
***,,,,,,* ###......##.########.
*,,,**** ##........# #####. **
*,,,* #...###### #####.


You could see a white imp.

Vanquished Creatures
  An orc (D:5)
1 creature vanquished.

Notes
Turn   | Place    | Note
-------+----------+-------------------------------------------
     0 | D:5      | Azuregosa the Octopode Delver began the quest for the Orb.
     0 | D:5      | Reached XP level 1. HP: 16/16 MP: 1/1
    28 | D:5      | Noticed a sleepcap
    58 | D:5      | Killed from afar by a white imp

Illustrated notes

Levels and vault maps discovered:
D:5:      layout_loops_cross, solitary_fountain, uniq_eustachio, uniq_edmund

Action                     || total
---------------------------++-------
  Melee: Mace              ||     5
         Constrict         ||     2
    Use: Scroll            ||     1
   Stab: Sleeping          ||     1
 Armour: Skin              ||     4
  Dodge: Dodged            ||     1

Table legend: (Time is in decaauts)
 A = Elapsed time spent in this place.
 B = Non-inter-level travel time spent in this place.
 C = Inter-level travel time spent in this place.
 D = Time resting spent in this place.
 E = Time spent auto-exploring this place.
 F = Levels seen in this place.
 G = Mean time per level.
                   A        B        C        D        E       F      G
               +--------+--------+--------+--------+--------+-----+--------+
         Total |     59 |     59 |      0 |     29 |      0 |   1 |   59.0 |
       Dungeon |     59 |     59 |      0 |     29 |      0 |   1 |   59.0 |
               +--------+--------+--------+--------+--------+-----+--------+

Top non-repeatable levels by time:
     D:5: 59 daAuts
